Map: Jagannatha LE

Players

Lambo

  • Race: Zerg Zerg

Scarlett - Winner!

  • Race: Zerg Zerg

Event: DreamHack SC2 Masters 2021 Summer

VOD

Have the link to the VOD?

Description

Time

  • Played on: July 1, 2021, 1:38 p.m.
  • Length: 7:23

All games in this series

Show
View Real Time Build Order
Export as new Build Order

Lambo Zerg 

Build Orders: Pool First 

Get SALT Encoding   

  12  0:17  Spawning Pool  
  11  0:22  Drone  
  11  0:26  Drone  
  13  0:31  Drone  
  14  0:39  Overlord  
  14  1:03  Zergling x4  
  16  1:05  Zergling x2  
  17  1:15  Zergling x2  
  18  1:18  Hatchery  
  17  1:26  Zergling x2  
  18  1:33  Queen  
  18  1:38  Drone  
  21  1:48  Overlord  
  21  2:02  Drone  
  22  2:10  Drone  
  22  2:11  Queen  
  25  2:20  Drone  
  25  2:26  Extractor  
  24  2:30  Queen  
  24  2:31  Drone x2  
  28  2:40  Drone x2  
  28  2:41  Drone  
  31  2:46  Overlord  
  31  2:53  Drone x2  
  33  2:59  Overlord  
  33  3:02  Drone  
  34  3:11  Spine Crawler  
  34  3:12  Zergling x2  
  33  3:18  Spine Crawler  
  32  3:21  Zergling x2  
  32  3:24  Zergling x2  
  35  3:27  Zergling x2  
  35  3:28  Zergling x4  
  35  3:40  Zergling x2  
  33  3:52  Metabolic Boost  
  33  4:00  Drone x3  
  36  4:11  Evolution Chamber  
  36  4:15  Roach Warren  
  34  4:20  Baneling Nest  
  33  4:27  Zergling x4  
  33  4:30  Zergling x2  
  36  4:39  Overlord  
  36  4:51  Overlord  
  36  4:58  Zergling x6  
  36  4:59  Zergling x2  
  40  5:01  Zergling x2  
  40  5:03  Zergling x2  
  42  5:07  Zergling x2  
  42  5:09  Zergling x2  
  42  5:11  Zergling x2  
  45  5:15  Zergling x2  
  45  5:17  Zergling x2  
  47  5:22  Zergling x4  
  47  5:28  Zergling x2  
  50  5:32  Baneling  
  50  5:33  Baneling x6  
  50  5:34  Baneling x2  
  49  5:48  Overlord  
  42  5:57  Zergling x6  
  42  6:00  Zergling x2  
  41  6:05  Zergling x6  
  41  6:07  Zergling x6  
  45  6:12  Zergling x2  
  45  6:14  Zergling x2  
  47  6:21  Zergling x6  
  47  6:25  Zergling x2  
  48  6:28  Zergling x2  
  47  6:36  Baneling x6  
  47  6:38  Zergling x2  
  48  6:41  Baneling  
  48  6:42  Zergling x2  
  48  6:46  Zergling x2  
  50  6:47  Baneling  
  50  6:50  Zergling x2  
  50  6:53  Baneling  
  51  7:01  Overlord  
  51  7:03  Overlord  
Show
View Real Time Build Order
Export as new Build Order

Scarlett Zerg - Winner!

Build Orders: Pool First 

Get SALT Encoding   

  12  0:00  Drone  
  13  0:12  Overlord  
  13  0:17  Drone  
  14  0:30  Drone x2  
  14  0:34  Drone  
  17  0:44  Extractor  
  17  0:45  Drone  
  17  0:49  Spawning Pool  
  16  0:55  Drone  
  17  1:14  Hatchery  
  17  1:16  Drone  
  17  1:20  Drone  
  18  1:35  Queen  
  18  1:37  Zergling x2  
  22  1:40  Zergling x2  
  22  1:49  Extractor  
  22  1:50  Zergling x2  
  22  1:51  Metabolic Boost  
  23  1:59  Overlord  
  23  2:17  Queen  
  23  2:20  Zergling x2  
  26  2:25  Queen  
  26  2:29  Zergling x2  
  29  2:40  Zergling x6  
  32  2:46  Overlord  
  32  2:49  Zergling x2  
  33  2:52  Zergling x2  
  33  2:58  Zergling x4  
  37  3:12  Drone  
  37  3:13  Drone x2  
  37  3:17  Drone x3  
  42  3:21  Overlord  
  42  3:30  Drone x2  
  42  3:34  Drone x2  
  42  3:40  Drone x2  
  42  3:49  Drone x4  
  45  3:58  Overlord  
  45  4:02  Hatchery  
  44  4:06  Drone x2  
  46  4:10  Overlord  
  46  4:13  Drone x2  
  46  4:16  Drone x2  
  50  4:19  Drone  
  50  4:23  Evolution Chamber  
  50  4:24  Extractor  
  49  4:25  Extractor, Drone  
  49  4:26  Drone  
  49  4:29  Drone x2  
  52  4:33  Extractor, Drone  
  52  4:36  Drone x2  
  54  4:42  Drone, Roach Warren  
  54  4:44  Drone  
  55  4:46  Drone  
  55  4:51  Zerg Missile Weapons Level 1  
  56  4:55  Overlord  
  56  4:58  Lair  
  56  5:01  Drone  
  57  5:09  Drone x5  
  57  5:11  Drone x2  
  57  5:13  Drone  
  65  5:17  Zergling x4  
  67  5:24  Roach x3  
  72  5:29  Evolution Chamber  
  72  5:30  Roach  
  72  5:31  Roach  
  72  5:34  Roach  
  77  5:40  Roach x2  
  81  5:47  Zergling x2  
  81  5:48  Overlord  
  82  5:54  Roach  
  76  5:57  Roach  
  76  5:58  Zergling x4, Roach x2  
  76  6:01  Ravager  
  75  6:05  Roach x2  
  75  6:07  Roach x2  
  75  6:09  Roach  
  80  6:12  Roach  
  80  6:13  Roach  
  80  6:16  Roach  
  86  6:23  Roach x2  
  90  6:27  Roach  
  89  6:34  Overlord  
  89  6:37  Overlord  
  89  6:43  Overlord  
  89  6:44  Zergling x2  
  92  6:54  Roach  
  92  6:55  Roach x2  
  92  6:58  Roach x4  
Tags
 
Add a new tag
Caveats
  • Supply blocks, unpowered buildings, or Contaminate may cause inaccurate times.
  • Supply counts are checked every 10 seconds.